 Dungeon Crawl Stone Soup version 0.29.1-1-gd02db6906a (webtiles) character file.

Game seed: 11092293574350015825

77 porpoise the Trooper (level 4, -3/37 HPs)
             Began as a Formicid Abyssal Knight on Oct 18, 2022.
             Was a Priest of Lugonu.
             Slain by an orc
             ... wielding a +0 flail
              (6 damage)
             ... on level 3 of the Dungeon.
             The game lasted 00:05:38 (2469 turns).

porpoise the Trooper (Formicid Abyssal Knight)      Turns: 2469, Time: 00:05:39

Health: -3/37      AC:  5    Str: 19    XL:     4   Next: 60%
Magic:  5/5        EV: 10    Int: 10    God:    Lugonu [***...]
Gold:   92         SH:  0    Dex: 14    Spells: 3/3 levels left

rFire   . . .      SeeInvis +   a - +1 hand axe
rCold   . . .      Faith    .   (no shield)
rNeg    + . .      Spirit   .   e - +0 ring mail
rPois   .          Reflect  .   (helmet unavailable)
rElec   .          Harm     .   (no cloak)
rCorr   .          Rampage  .   (no gloves)
Will    .....                   (no boots)
Stlth   +.........              (no amulet)
HPRegen 0.12/turn               q - ring of positive energy
MPRegen 0.09/turn               (no ring)

@: no status effects
A: permanent stasis, dig shafts and tunnels, antennae 3, four strong arms
a: Dig, Shaft Self, Renounce Religion, Depart the Abyss, Bend Space, Banish


You were on level 3 of the Dungeon.
You worshipped Lugonu.
Lugonu was most pleased with you.
You visited 1 branch of the dungeon, and saw 3 of its levels.
You visited the Abyss 1 time.

You collected 92 gold pieces.

Inventory:

Hand Weapons
 a - a +1 hand axe (weapon)
 b - a +0 sling
Armour
 e - a +0 ring mail (worn)
Jewellery
 q - a ring of positive energy (left hand)
Scrolls
 g - a scroll of identify {unknown}
 n - a scroll of blinking {unknown}
 o - a scroll of vulnerability {unknown}
 p - a scroll of silence {unknown}
Potions
 c - 2 potions of brilliance {unknown}
 h - a potion of mutation {unknown}
 i - a potion of berserk rage {unknown}
 j - a potion of cancellation {unknown}
 k - 2 potions of resistance {unknown}
 l - a potion of attraction {unknown}
 m - a potion of ambrosia {unknown}


   Skills:
 + Level 4.1 Fighting
 * Level 3.8 Axes
 - Level 2.1 Armour
 - Level 0.8 Dodging
 - Level 2.1 Invocations


You had 3 spell levels left.
You didn't know any spells.
Your spell library was empty.

Dungeon Overview and Level Annotations

Branches:
Dungeon (3/15)

Altars:


Innate Abilities, Weirdness & Mutations

You cannot be hasted, slowed, berserked, paralysed or teleported.
You can dig through walls and to a lower floor.
You have a pair of large antennae on your head. (SInv)
Your four strong arms can wield two-handed weapons with a shield.


Message History

As you open the door, it creaks loudly!
There is an open door, spattered with blood here.
Found 9 stones.
An orc comes into view. It is wielding a +0 flail.
The orc shouts!
Found 5 stones.
You hit the orc but do no damage. The orc hits you with a +0 flail.
You hit the orc.
The orc is severely wounded.
The orc closely misses you.
You hit the orc but do no damage.
The orc is severely wounded.
The orc hits you with a +0 flail. The orc completely misses you.
You hit the orc but do no damage.
The orc is severely wounded.
The orc hits you with a +0 flail.
You hit the orc but do no damage.
The orc is severely wounded.
The orc barely misses you.
You hit the orc but do no damage.
The orc is severely wounded.
The orc hits you with a +0 flail.
You barely miss the orc.
The orc is severely wounded.
The orc closely misses you.
You hit the orc but do no damage.
The orc is severely wounded.
The orc closely misses you.
You hit the orc but do no damage.
The orc is severely wounded.
The orc hits you with a +0 flail!
* * * LOW HITPOINT WARNING * * *
You hit the orc but do no damage.
The orc is severely wounded.
The orc hits you but does no damage. The orc hits you with a +0 flail.
* * * LOW HITPOINT WARNING * * *
You hit the orc but do no damage.
The orc is severely wounded.
The orc hits you with a +0 flail.
You die...

,,,,,,,,,,,*,,,,,,* *,,,,,,**,
,******,,,~******+*###**,,,,,,***
,*******,~~* *......,,,.#***,,,
,,,,,,,,,~8* *.....,,...# *,,,
,****,**,~~*****.....,,...#* *,,,
,,,,,,,,,,~*,,,,,...###...,# *,,,
,,,,,,,,,,,*,,,,,,......#*.# *,,,
**,,,,,,,.#########'#...##.# *,,,
*,,,,***.......@..........# *,,,
*,,,,***.......o..........##*,,,
*,,,,,,,............(......#*,,,
**,,,,,,...................#*,..
*,,,,,,.(##...#......[#...#*...
*,,,,,,.,*#...#.......#...##...
*,,,,,,,,*#...#....##..........
*,,,,,,,,*#...#....##........#*
*,,,,,,,,*****#....##........##


You could see an orc.

Vanquished Creatures
  An orc wizard (D:3)
  A worm (D:2)
  A dart slug (D:1)
  2 orcs (D:3)
  4 endoplasms (D:1)
  6 goblins
  2 hobgoblins
  4 jackals (D:3)
  2 quokkas (D:1)
  7 ball pythons
  A bat (D:1)
  5 frilled lizards
  4 kobolds
  5 rats (D:1)
45 creatures vanquished.

Notes
Turn   | Place    | Note
-------+----------+-------------------------------------------
     0 | Abyss:1  | porpoise the Formicid Abyssal Knight began the quest for
                  | the Orb.
     0 | Abyss:1  | Reached XP level 1. HP: 18/18 MP: 2/2
     1 | D:1      | Escaped the Abyss
   106 | D:1      | Reached XP level 2. HP: 17/24 MP: 3/3
   712 | D:1      | Reached XP level 3. HP: 30/30 MP: 4/4
   863 | D:1      | Found a faded altar of an unknown god.
   869 | D:1      | Reached *** piety under Lugonu
  2333 | D:3      | Reached XP level 4. HP: 36/37 MP: 5/5
  2342 | D:3      | Reached skill level 4 in Fighting
  2469 | D:3      | Slain by an orc

Illustrated notes

Levels and vault maps discovered:
D:1:      dpeg_arrival_round_a, layout_loops_ring,
          hellmonk_ecumenical_altar_zigzags, minmay_tiny_reverse_x
D:2:      layout_loops_cross, item_on_display_a
D:3:      layout_basic, cheibrodos_sewer_entry_bend, moated_statue

Skill      XL: |  1  2  3  4 |
---------------+-------------+-----
Axes           | 3 |  3.8
Fighting       | 4 |  4.1
Armour         | |  2.1
Dodging        | |  0.8
Invocations    | |  2.1

Action                   |  1- 3 |  4- 6 || total
-------------------------+-------+-------++-------
Melee: Hand axe          |   111 |    22 ||   133
 Fire: Sling             |    22 |       ||    22
  Use: Scroll            |     2 |       ||     2
Armor: Leather armour    |     9 |       ||     9
       Ring mail         |    21 |     4 ||    25
Dodge: Dodged            |    57 |     6 ||    63
